AoeStats
← 犹豫就会败北

Arena

510320468Analyzed
1v1 RM · 15h ago on Sep 30, 2026· 64m 36s· 2 players
Game mode
Random Map
Map size
Tiny (2 player)
Population
200
Speed
Normal
Resources
Standard
Victory
Conquest
Starting age
Dark Age
Ending age
Imperial Age
RankedLock teamsTeams togetherTeam positionsShared explorationLock speedFull tech treeHidden civsTurbo modeCheats
Victory
Defeat
🇨🇳 Bohemians · China
1034
+16
🇨🇿 Khmer · Czechia
1044
-16
犹豫就会败北
2:24 Loom
11:23 Feudal Age
12:28 Double-Bit Axe
13:03 Horse Collar
15:39 Castle Age
26:05 Wheelbarrow
26:00 Town Watch
27:42 Fletching
30:38 Imperial Age
28:57 Bow Saw
28:58 Bodkin Arrow
29:03 Padded Archer Armor
29:04 Scale Mail Armor
29:27 Ballistics
30:08 Chemistry
28:49 Pikeman
30:02 Hand Cart
29:59 Squires
30:50 Leather Archer Armor
30:38 Murder Holes
30:54 Masonry
31:04 Husbandry
30:25 Light Cavalry
32:22 Two-Man Saw
31:40 Bracer
31:52 Forging
33:19 Conscription
33:17 Halberdier
33:53 Houfnice
36:12 Light Cavalry
36:52 Husbandry
45:52 Wagenburg Tactics
48:43 Elite Hussite Wagon
52:43 Heavy Plow
53:54 Chain Mail Armor
54:15 Iron Casting
53:45 Scale Barding Armor
59:10 Architecture
59:53 Plate Mail Armor
60:24 Blast Furnace
59:47 Chain Barding Armor
63:17 Siege Engineers
WIPtomik
10:10 Feudal Age
13:37 Castle Age
12:49 Double-Bit Axe
14:40 Bow Saw
20:32 Wheelbarrow
20:23 Horse Collar
22:23 Hand Cart
23:29 Fletching
23:38 Murder Holes
23:47 Stone Mining
23:50 Gold Mining
24:18 Fortified Wall
25:56 Loom
25:57 Town Watch
26:11 Bodkin Arrow
27:08 Stone Shaft Mining
27:09 Gold Shaft Mining
26:26 Light Cavalry
27:16 Bloodlines
27:15 Husbandry
31:49 Imperial Age
29:50 Heavy Plow
30:34 Forging
30:29 Scale Barding Armor
30:49 Ballistics
30:40 Masonry
31:46 Scale Mail Armor
32:25 Iron Casting
31:50 Scale Mail Armor
31:51 Hussar
32:59 Conscription
36:11 Chemistry
35:17 Siege Engineers
35:43 Architecture
36:56 Blast Furnace
36:16 Chain Barding Armor
38:02 Pikeman
38:27 Arson
39:34 Halberdier
41:04 Capped Ram
41:05 Heavy Scorpion
42:41 Double Crossbow
47:06 Hoardings
47:24 Chain Barding Armor
47:04 Bracer
47:20 Chain Mail Armor
48:21 Siege Ram
Connection lost

Rejoining the realm…

Still unreachable

The connection could not be restored.

Session expired

The server has moved on; the page needs a fresh start.